 Dungeon Crawl Stone Soup version 0.18.1-8-gdd0e5ea (webtiles) character file.

178 GFox the Ruffian (level 5, -3/47 HPs)
             Began as a Minotaur Monk on May 31, 2016.
             Slain by Grinder (6 damage)
             ... on level 3 of the Dungeon.
             The game lasted 00:21:15 (2517 turns).

GFox the Ruffian (Minotaur Monk)                    Turns: 2517, Time: 00:21:16

Health: -3/47      AC:  9    Str: 17    XL:     5   Next: 32%
Magic:  4/4        EV: 12    Int:  7    God:
Gold:   212        SH:  0    Dex: 12    Spells: 0 memorised, 4 levels left

rFire  + . .     SeeInvis .     j - +1 short sword (venom)
rCold  . . .     Gourm    .     d - +4 ring mail
rNeg   . . .     Faith    .     (no shield)
rPois  +         Spirit   .     (helmet restricted)
rElec  .         Dismiss  .     (no cloak)
rCorr  .         Reflect  .     (no gloves)
SustAt .         Harm     .     (no boots)
MR     .....                    (no amulet)
Stlth  +.........               (no ring)
                                b - ring of poison resistance

@: not resistant to hostile enchantments, very unstealthy
A: retaliatory headbutt, horns 2, fire resistance 1
a: no special abilities


You were on level 3 of the Dungeon.
You were not hungry.

You visited 1 branch of the dungeon, and saw 3 of its levels.

You collected 212 gold pieces.

Inventory:

Hand Weapons
 f - a +1 dagger of freezing
 j - a +1 short sword of venom (weapon)
Armour
 d - a +4 ring mail (worn)
Jewellery
 b - a ring of poison resistance (left hand)
Scrolls
 g - a scroll of amnesia
Comestibles
 a - 2 bread rations
 h - 2 chunks of flesh
 i - a slice of pizza


   Skills:
 + Level 4.9 Fighting
 + Level 0.7 Short Blades
 + Level 1.6 Armour
 + Level 4.3 Dodging
 + Level 1.8 Stealth
 + Level 5.4 Unarmed Combat


You had 4 spell levels left.
You didn't know any spells.

Dungeon Overview and Level Annotations

Branches:
Dungeon (3/15)

Altars:

Annotations:
D:3 Grinder


Innate Abilities, Weirdness & Mutations

You reflexively headbutt those who attack you in melee.
You have a pair of horns on your head.
Your flesh is heat resistant.


Message History

Found a stone staircase leading down.
Grinder says, "What is the universe for?"
Some of the chunks of flesh in your inventory have rotted away.
Read which item? (? for menu, Esc to quit)
Okay, then.
Grinder blinks!
You start resting.
Grinder hits you.
* * * LOW HITPOINT WARNING * * *
You writhe in agony.
* * * LOW HITPOINT WARNING * * *
You hit Grinder but do no damage.
Grinder is severely wounded.
Grinder barely misses you.
You hit Grinder but do no damage.
Grinder looks even sicker.
Grinder is severely wounded.
Grinder hits you.
* * * LOW HITPOINT WARNING * * *
You writhe in agony.
You die...

#.............).....#
#.#)########.##..####
#.#........#.##.....
#.########.#.# ......
#.#......#.#.#
#.....#
#.#.###....#.# ..####
#.#...<..#.#.# #.#
#.#####..###5####.##
#........#...@....>#
########.#.#.#######
#.#.#.# ###5#.#.# ###
#.....#.## ..)
#.#......# ...
#.####...# ...# #.#
#...# .... #.#
#.....#


You could see Grinder.

Vanquished Creatures
  An orc priest (D:3)
  3 gnolls (D:3)
  4 adders
  An ooze (D:1)
  A worm (D:3)
  3 dart slugs (D:1)
  2 giant geckos
  5 orcs (D:3)
  9 bats
  4 giant cockroaches
  8 goblins
  8 hobgoblins
  7 kobolds
  A quokka (D:2)
  4 giant newts
  4 rats
  2 bushes (D:1)
  A plant (D:1)
68 creatures vanquished.

Notes
Turn   | Place    | Note
--------------------------------------------------------------
     0 | D:1      | GFox the Minotaur Monk began the quest for the Orb.
     0 | D:1      | Reached XP level 1. HP: 19/19 MP: 0/0
   360 | D:1      | Reached XP level 2. HP: 25/27 MP: 1/1
   995 | D:1      | Reached skill level 5 in Unarmed Combat
  1142 | D:1      | Reached XP level 3. HP: 33/33 MP: 2/2
  1843 | D:2      | Reached XP level 4. HP: 41/41 MP: 3/3
  2299 | D:3      | Reached skill level 1 in Armour
  2315 | D:3      | Reached XP level 5. HP: 32/47 MP: 4/4
  2455 | D:3      | Noticed Grinder
  2498 | D:3      | Gained mutation: Your flesh is heat resistant. [potion of beneficial mutation]
  2517 | D:3      | Slain by Grinder

Skill      XL: |  1  2  3  4 |
---------------+-------------+-----
Fighting       | 4 |  4.9
Unarmed Combat | 5 |  5.4
Dodging        | 4 |  4.3
Armour         | 1 |  1.6
Short Blades   | |  0.7
Stealth        | |  1.8

Action                   |  1- 3 |  4- 6 || total
-------------------------+-------+-------++-------
Melee: Unarmed           |     5 |       ||     5
       Dagger            |   278 |       ||   278
       Headbutt          |    84 |     8 ||    92
       Punch             |    13 |     3 ||    16
       Short sword       |    22 |    70 ||    92
  Use: Scroll            |     6 |       ||     6
       Potion            |     1 |     1 ||     2
  Eat: Chunk             |     2 |       ||     2
       Bread ration      |     1 |       ||     1
Armor: Robe              |    10 |       ||    10
       Ring mail         |     6 |    32 ||    38
Dodge: Dodged            |    47 |    43 ||    90
